Map: Ephemeron LE

Players

TheMusZero

  • Race: Protoss Protoss
  • League: Grandmaster
  • Spawn Location: 5:00

Stats - Winner!

  • Race: Protoss Protoss
  • League: Grandmaster
  • Spawn Location: 11:00

Event: NationWars 2019

VOD

Have the link to the VOD?

Description

Time

  • Played on: Dec. 8, 2019, 2:15 p.m.
  • Length: 5:35
Show
View Real Time Build Order
Export as new Build Order

TheMusZero Protoss 

Build Orders:  

Get SALT Encoding   

  12  0:01  Probe (Chrono Boost)  
  13  0:11  Probe (Chrono Boost)  
  14  0:17  Pylon  
  14  0:21  Probe  
  15  0:35  Probe  
  16  0:39  Forge  
  16  0:51  Pylon  
  16  0:57  Probe  
  17  1:12  Photon Cannon  
  17  1:22  Pylon  
  16  1:26  Pylon  
  16  1:36  Pylon  
  16  1:46  Pylon  
  16  1:47  Pylon  
  16  1:48  Photon Cannon  
  16  2:00  Photon Cannon  
  16  2:07  Photon Cannon  
  16  2:20  Photon Cannon  
  15  2:32  Probe  
  15  2:36  Gateway  
  15  2:38  Assimilator  
  15  2:42  Assimilator  
  15  2:44  Probe (Chrono Boost)  
  16  2:56  Probe (Chrono Boost)  
  17  3:00  Probe (Chrono Boost)  
  18  3:10  Probe  
  19  3:23  Probe, Cybernetics Core  
  20  3:28  Gateway  
  20  3:35  Probe  
  20  3:36  Zealot (Chrono Boost)  
  20  3:40  Pylon  
  23  3:47  Probe  
  24  4:00  Stalker (Chrono Boost)  
  24  4:02  Shield Battery  
  23  4:27  Stalker (Chrono Boost)  
  25  4:46  Shield Battery  
  25  4:53  Stalker  
  25  4:56  Sentry  
Show
View Real Time Build Order
Export as new Build Order

Stats Protoss - Winner!

Build Orders:  

Get SALT Encoding   

  12  0:00  Probe  
  13  0:12  Probe  
  14  0:17  Pylon  
  14  0:24  Probe (Chrono Boost)  
  15  0:37  Probe (Chrono Boost), Gateway  
  16  0:45  Probe (Chrono Boost)  
  16  0:46  Assimilator  
  17  0:51  Probe  
  17  0:54  Assimilator  
  18  1:03  Probe  
  19  1:16  Probe  
  19  1:17  Pylon  
  20  1:22  Zealot (Chrono Boost)  
  22  1:27  Cybernetics Core  
  22  1:30  Probe  
  23  1:43  Probe  
  22  1:58  Probe  
  23  2:05  Stalker (Chrono Boost)  
  25  2:26  Shield Battery  
  25  2:29  Stalker (Chrono Boost)  
  25  2:36  Probe  
  28  2:39  Warp Gate (Chrono Boost)  
  28  2:49  Pylon, Probe  
  29  2:57  Robotics Facility  
  29  3:09  Stalker  
  31  3:24  Gateway  
  31  3:26  Gateway  
  31  3:43  Warp Prism  
  31  3:47  Shield Battery  
  33  4:12  Nexus  
  33  4:14  Pylon  
  33  4:36  Stalker x3  
  39  4:46  Observer  
  39  4:50  Probe  
Tags
 
Add a new tag
Caveats
  • Supply blocks, unpowered buildings, or Contaminate may cause inaccurate times.
  • Supply counts are checked every 10 seconds.